 Dungeon Crawl Stone Soup version 0.30.1 (webtiles) character file.

Game seed: 4280013700842448349

240 Graphine the Shooter (level 5, -10/32 HPs)
             Began as a Deep Elf Hunter on July 11, 2023.
             Was an Initiate of Hepliaklqana.
             Killed by an exploding hobgoblin (35 damage)
             ... ignited by their inner flame
             ... on level 4 of the Dungeon.
             The game lasted 00:06:45 (2504 turns).

Graphine the Shooter (Deep Elf Hunter)              Turns: 2504, Time: 00:06:45

Health: -10/32     AC:  3    Str:  8    XL:     5   Next: 79%
Magic:  7/7        EV: 13    Int: 16    God:    Hepliaklqana [......]
Gold:   76         SH:  0    Dex: 18    Spells: 4/4 levels left

rFire   . . .        a - +0 shortbow (flame)
rCold   . . .        (shield currently unavailable)
rNeg    . . .        c - +0 leather armour
rPois   .            (no helmet)
rElec   .            (no cloak)
rCorr   .            (no gloves)
SInv    .            (no boots)
Will    .....        (no amulet)
Stlth   ++           (no ring)
HPRegen 0.25/turn    (no ring)
MPRegen 0.10/turn

%: no passive effects
@: no status effects
A: no striking features
a: Renounce Religion


You were on level 4 of the Dungeon.
You worshipped Hepliaklqana.
Hepliaklqana was noncommittal.
You visited 2 branches of the dungeon, and saw 5 of its levels.

You collected 191 gold pieces.
You spent 115 gold pieces at shops.

Inventory:

Hand Weapons
 a - a +0 shortbow of flaming (weapon)
 h - a +2 dagger of electrocution
 r - a +2 dagger of venom
Armour
 c - a +0 leather armour (worn)
Jewellery
 q - a ring of fire
Wands
 k - a wand of roots (12)
 n - a wand of charming (9)
Scrolls
 b - a scroll of immolation
 d - 2 scrolls of brand weapon
 g - 3 scrolls of teleportation
 o - a scroll of vulnerability {unknown}
 p - a scroll of enchant weapon
 s - a scroll of fog {unknown}
Potions
 e - a potion of haste
 f - 2 potions of curing
 i - 2 potions of heal wounds
 j - a potion of flight {unknown}
 l - 2 potions of brilliance {unknown}
 m - a potion of resistance {unknown}
 t - a potion of degeneration


   Skills:
 + Level 3.1 Fighting
 + Level 6.9 Ranged Weapons
 + Level 4.7 Dodging
 - Level 1.2 Stealth


You had 4 spell levels left.
You didn't know any spells.
Your spell library contained the following spells:

 Spells                   Type           Power      Damage    Failure   Level
 Ensorcelled Hibernation  Hex/Ice        0%         N/A       50%         2
 Passwall                 Tmut/Erth      0%         N/A       50%         2
 Call Canine Familiar     Summ           0%         N/A       73%         3
 Inner Flame              Hex/Fire       0%         N/A       73%         3
 Portal Projectile        Hex/Tloc       0%         N/A       73%         3
 Swiftness                Air            0%         N/A       73%         3
 Flame Wave               Conj/Fire      0%         2d4       98%         4
 Leda's Liquefaction      Hex/Erth       0%         N/A       98%         4
 Sticky Flame             Conj/Fire      0%         2d3       98%         4


Dungeon Overview and Level Annotations

Branches:
Dungeon (4/15)             Temple (1/1) D:4

Altars:
Ashenzari
Cheibriados
Elyvilon
Fedhas
Gozag
Hepliaklqana
Kikubaaqudgha
Nemelex Xobeh
Okawaru
Trog
Uskayaw
Yredelemnul
Zin
The Shining One

Shops:
D:4 !*?


Message History

Okay, then.
Okay, then.
You open the door.
There is an open door here.
You open the door.
Found a white marble altar of Elyvilon and a glowing silver altar of Zin.
There is an open door here.
There is an open door here.
There is an open door here.
You open the door.
Found 7 stones.
Found 4 poisoned darts.
There is an open door here.
You see here 4 poisoned darts.
You open the large door.
A worm, a hound and a hobgoblin come into view.
The hobgoblin shouts!
An adder comes into view. x2
The hound moves out of view.
You shoot an arrow. The adder hisses angrily. x2
The arrow hits the worm but does no damage.
You shoot an arrow. The arrow barely misses the worm.
The arrow barely misses the hobgoblin.
Really read the scroll of immolation?
As you read the scroll of immolation, it crumbles to dust.
The creatures around you are filled with an inner flame!
The hound barks!
The hobgoblin attacks as you move away! The hobgoblin hits you.
The hobgoblin attacks as you move away! The hobgoblin hits you.
Fire: a) +0 shortbow (flame)
Press: ? - help, Q - select action, (/) - cycle Shift-Dir - straight line, f/p - worm
Aim: a worm (inner flame, 81% to hit)
You shoot an arrow. The arrow hits the hobgoblin.
Flame seeps out of the hobgoblin.
The arrow burns the hobgoblin.
The hobgoblin explodes!
The fiery explosion engulfs you!!
Ouch! That really hurt!
You die...

##.#.## #####.#..
##..#+# #########....
#...#.# #~_#.........
#.###.######.########)#
#.'..∩..'..'.# #..
#####.######.# ###
#.##.# ≈_# #'##§#####
#.@○S..## ....
#.§#w.h.# ....
#.####S'# .... #.# ♣..♣
.... #.# ..... .... #(#
.##..♣ #. #.+ h# #..+
#. #.+ . ..+ #. ♣. .♣#
##


You could see a worm (inner flame), a hound (inner flame) and 2 adders.

Vanquished Creatures
  A scorpion (D:4)
  2 orc wizards (D:3)
  2 gnolls
  2 adders
  A worm (D:4)
  A dart slug (D:3)
  13 orcs
  5 bats
  4 endoplasms
  2 giant cockroaches
  6 hobgoblins
  10 jackals
  A quokka (D:1)
  8 ball pythons
  4 frilled lizards
  10 goblins
  4 kobolds
  3 rats (D:1)
  A spectral orc (D:3)
80 creatures vanquished.

Notes
Turn   | Place    | Note
-------+----------+-------------------------------------------
     0 | D:1      | Graphine the Deep Elf Hunter began the quest for the Orb.
     0 | D:1      | Reached XP level 1. HP: 12/12 MP: 3/3
   215 | D:1      | Reached XP level 2. HP: 17/17 MP: 4/4
   485 | D:1      | Reached XP level 3. HP: 8/21 MP: 5/5
  1210 | D:2      | Reached skill level 6 in Ranged Weapons
  1508 | D:3      | Reached XP level 4. HP: 24/27 MP: 6/6
  1727 | D:3      | Reached XP level 5. HP: 29/31 MP: 7/7
  1785 | D:3      | Found a basalt altar of Yredelemnul.
  2143 | D:4      | Found Pajady's Assorted Antiques.
  2196 | D:4      | Found Jecuplitwi's Magic Scroll Shop.
  2205 | D:4      | Bought a scroll of enchant weapon for 82 gold pieces
  2230 | D:4      | Bought a glowing red potion for 20 gold pieces
  2314 | D:4      | Found a staircase to the Ecumenical Temple.
  2328 | Temple   | Entered the Ecumenical Temple
  2334 | Temple   | Became a worshipper of Hepliaklqana the Forgotten
  2448 | D:4      | Found Wuyptal's Distillery.
  2470 | D:4      | Bought a potion of degeneration for 13 gold pieces
  2477 | D:4      | Found a white marble altar of Elyvilon.
  2477 | D:4      | Found a glowing silver altar of Zin.
  2504 | D:4      | Killed by an exploding hobgoblin... ignited by their inner
                  | flame

Illustrated notes

Levels and vault maps discovered:
D:1:      dpeg_arrival_rhombus, layout_basic, serial_corexii_hall,
          corexii_hall_statues_s, corexii_hall_statues_deadend,
          corexii_hall_statues_l
D:2:      layout_loops_ring
D:3:      layout_rooms, yredelemnul_forgotten_temple_becter,
          chequers_serial_rivers_micro_c, wad_floor_pattern_2
D:4:      lemuel_castle_with_subvaults [lemuel_castle_interior_carwin_1],
          layout_basic, gammafunk_temple_overflow_elements,
          minmay_temple_entry_offerings, serial_shops,
          nicolae_shop_hallway_plus, nicolae_stop_n_shop_2,
          nicolae_shop_temple_entry_statues_fountains, kennysheep_generic_room_7
Temple:   hellmonk_temple_two_chambers

Skill      XL: |  1  2  3  4  5 |
---------------+----------------+-----
Dodging        | 3 4 |  4.7
Fighting       | 2 3 |  3.1
Ranged Weapons | 6 |  6.9
Stealth        | |  1.2

Action                     |  1- 3 |  4- 6 || total
---------------------------+-------+-------++-------
   Fire: Shortbow          |   129 |    92 ||   221
    Use: Scroll            |     6 |     3 ||     9
         Potion            |       |     3 ||     3
 Armour: Leather armour    |    13 |    12 ||    25
  Dodge: Dodged            |    40 |    38 ||    78
